 BcadrenCrawl: Boulder Brew version 0.04.2-20-g1dbc4a6302 (webtiles) character file.

Game seed: 16338749002621327142, levelgen mode: deterministic

38106 st0uf the Brawler (level 13, -1/110 HPs) Turquoise Draconian Demonspawn. Began on May 24, 2021. Was the Champion of Bahamut & Tiamat. Slain by a fire giant ... wielding a +2 great sword of molten steel (24 damage) ... on level 8 of the Dungeon. The game lasted 00:49:37 (7302 turns).

st0uf the Brawler (Turquoise Draconian Demonspawn)  Turns: 7302, Time: 00:49:38

Health: -1/110     AC: 17    Str: 22    XL:     13 ^: 10027
Magic:  21/21      EV: 23    Int: 12    God:    Bahamut & Tiamat [6* [200]]
Gold:   687        SH:  0    Dex: 16    Spells: 12/22 levels left

rFire    . . .     Vision   .     - Unarmed
rCold    + . .     Gourm    .     - Unarmed
rNeg     + + +     Faith    .   (armour unavailable)
rPois    ∞         Spirit   .   (helmet restricted)
rElec    .         Reflect  .   (no cloak)
rCorr    +         Harm     .   w - +0 pair of gloves
MR       .....                  (no boots)
Stlth    ++........             n - amulet of chaos
HPRegen  0.46/turn              h - ring of strength
MPRegen  0.31/turn              i - ring of protection

@: flying
A: no body armour, unfitting armour, big wings, talons 2, iridescent scales 1,
cold resistance 1, negative energy resistance 3, powered by death 2, powered by
pain 2, robust 1, torment resistance, unbreathing, insubstantial, boosted maces
& staves aptitude, boosted dodging aptitude, translocation and transmutation
enhancers 2, AC +9
a: Breathe Spectral Mist, Stop Flying, Enhanced Breath, Summon Drakes, Renounce
Religion


You were on level 8 of the Dungeon.
You worshipped Bahamut & Tiamat.
Bahamut & Tiamat was exalted by your worship.
You were not hungry.

You visited 1 branch of the dungeon, and saw 8 of its levels.
You also visited: Bailey.

You collected 687 gold pieces.

Inventory:

Weapons
 G - a +2 scimitar of molten steel
 M - a +5 long sword Shields
 o - a +0 targe
 A - a +0 heater shield of cold resistance
 T - a +1 buckler of cold resistance
Armour
 w - a +0 pair of gloves (worn)
Jewellery
 h - a ring of strength (left hand)
 i - a ring of protection (right hand)
 n - an amulet of chaos (around neck)
 z - an uncursed amulet of harm
 C - an uncursed ring of poison resistance
 D - an uncursed amulet of magic regeneration
 E - an uncursed ring of protection
 F - an uncursed ring of dexterity
 L - an uncursed ring of positive energy
 O - an uncursed ring of protection
Wands
 v - a wand of disintegration (17)
 y - a wand of flame (22)
 H - a wand of polymorph (2)
 J - a wand of hasting (6)
 S - a wand of acid (1)
Scrolls
 d - 2 scrolls of amnesia
 e - 5 scrolls of bless item
 g - 4 scrolls of silence
 j - 5 scrolls of magic mapping
 k - 4 scrolls of blinking
 l - 8 scrolls of teleportation
 m - 4 scrolls of immolation
 p - 3 scrolls of fear
 q - a scroll of acquirement
 t - 4 scrolls of enchantment
 N - 4 scrolls of fog
Potions
 a - 8 potions of curing
 c - 2 potions of cure mutation
 f - a potion of agility
 r - 3 potions of haste
 u - 11 potions of heal wounds
 x - 5 potions of might
 B - 5 potions of brilliance
 I - a potion of resistance
 K - a potion of cancellation
 Q - a potion of degeneration
 R - 3 potions of lignification
Miscellaneous
 s - a lamp of fire
Comestibles
 b - 18 rations


   Skills:
 + Level 5.0 Fighting
 + Level 9.8 Dodging
 - Level 2.0 Stealth
 - Level 15.1 Unarmed Combat
 * Level 5.1 Spellcasting
 * Level 4.8 Translocations
 * Level 4.8 Transmutations
 - Level 1.5 Fire Magic
 * Level 10.8 Invocations


You had 12 spell levels left.
You knew the following spells:

 Your Spells              Type           Power        Failure   Level  Hunger
a - Lick                  Fire           6 (30)       3%          1    N/A
b - Blink                 Tloc           N/A          1%          2    N/A
c - Dragon Form           Tmut           32 (200)     99%         7    N/A

Your spell library contained the following spells:

 Spells                   Type           Power        Failure   Level  Hunger
 Call Imp                 Summ           3 (100)      9%          2    N/A
 Slow                     Hex            3 (100)      9%          2    N/A
 Random Cloud             Fire           6 (100)      9%          3    N/A
 Chaotic Cloudburst       Pois/Air       3 (100)      17%         3    N/A
 Cause Fear               Hex            3 (200)      45%         4    N/A
 Chaos Bolt               Fire           6 (200)      98%         6    N/A
 Dragon's Call            Summ           3 (200)      100%        9    N/A

Dungeon Overview and Level Annotations

Branches:
Dungeon (8/8)              Temple (0/1) D:4            Lair (0/6) D:5
    Orc (0/2) D:6          Vaults (0/5) D:7          Depths (0/5) D:8
 Bailey (visited)

Altars:
Ashenzari Bahamut & Tiamat
Hepliaklqana
Nemelex Xobeh
Okawaru
Vehumet
Xom
The Shining One

Annotations:
D:5 exclusion: statue
D:6 1 runed translucent door, EtherCrawl's ghost, journeyman TrMo
D:8 1 exclusion


Innate Abilities, Weirdness & Mutations

You cannot fit into any form of body armour.
Your spectral turquoise scales are resilient. (AC +9)
You can breathe blasts of ghostly flames, which heal the undead and damage the living.
You are immune to poison.
You have razor-sharp toenails.
You are partially covered in iridescent scales. (AC +2)
You are cold resistant. (rC+)
You are immune to negative energy. (rN+++)
You regenerate health from kills.
You sometimes gain power by taking damage.
You are robust. (+10% HP)
You are immune to unholy pain and torment.
You can survive without breathing.
Your insubstantial form boosts your evasion and grants immunity to sticky flames, nets and constriction.
You are naturally skilled at Maces & Staves (Aptitude +3).
You are naturally skilled at Dodging (Aptitude +3).
You are strongly in touch with the powers of translocation and transmutation.
Your spectral turquoise scales hold together your spectral form.
Your large and strong wings let you fly indefinitely.


Message History

Unknown command.
The fire giant completely misses the giant blowfly (0).
The fire giant casts a spell at you. The bolt of fire hits you (24)!!
The fire giant misses the giant blowfly (0).
You punch the fire giant (7)! x2
You claw the fire giant, but do no damage.
The fire giant is lightly wounded. (84/98) HP The fire giant hits you with a +2 great sword of molten steel (13)!
The fire giant burns you (13)! The fire giant blocks your attack.
You pummel the fire giant (26)!!
You claw the fire giant, but do no damage.
You tail-slap the fire giant, but do no damage.
The fire giant is heavily wounded. (58/98) HP You hit the fire giant (4).
You punch the fire giant (11)!
The fire giant is heavily wounded. (43/98) HP The fire giant hits you with a +2 great sword of molten steel (24)!!
* * * LOW HITPOINT WARNING * * *
The fire giant burns you (24)!!
You die...

.........................†.......
#.##########.........#####.######
#.# #........†# #.# #.#
###.........# #.# #.#
#...........# #.#
#.########.#.........#####.######
.....!...........................
#.###.....§...§.C..[..##########.
#.##..≈≈≈≈#≈≈b§.@.....# #.
#.##.§≈#≈≈≈≈≈#≈...b...# #.
#.##.§≈≈§.≈.≈≈≈.......# #.
#.##..≈≈....≈≈≈.......##########.
......#§≈.>..≈.≈.b...............
####..≈≈....≈.≈..####.#######.###
#..≈≈≈.≈.≈≈≈..# #.# #.#
#..≈#≈≈≈≈≈#≈..# #.# #.#
#..≈≈≈§#§§≈≈..# #.# #.#


You could see a fire giant.

Vanquished Creatures
  An orc warlord (Bailey)
  2 fire dragons (D:8)
  Nessos (D:6)
  A boulder beetle (D:8)
  An ogre mage (D:8)
  Erica (D:5)
  A deep elf knight (D:8)
  An unseen horror (D:6)
  A vault guard (D:7)
  5 two-headed ogres
  A fire crab (D:8)
  A tengu warrior (D:7)
  6 hydras
  3 centaur warriors
  4 manticores
  2 gargoyles (D:6)
  4 ugly things
  2 kobold demonologists
  A yaktaur (D:7)
  2 trolls
  A rime drake (shapeshifter) (D:8)
  A tengu conjurer (D:7)
  A hornet (D:8)
  3 wraiths (D:7)
  A vampire (D:5)
  A steam dragon (D:7)
  Grum (D:6)
  2 cyclopes
  A shadow (D:6)
  A spriggan (D:4)
  4 hippogriffs
  10 yaks
  2 acid dragons (D:8)
  A hungry ghost (D:5)
  4 war dogs (D:6)
  2 wyverns
  A basilisk (D:7)
  3 guardian mummies
  3 slime creatures
  9 wolf spider zombies (D:7)
  A necrophage (D:6)
  5 orc warriors
  A phantom (D:7)
  18 scorpions
  A soldier ant (D:6)
  Duvessa (D:3)
  2 water moccasins
  A porcupine (D:4)
  An eye of draining (D:8)
  3 redback zombies (D:7)
  2 black bears
  An ice beast (D:4)
  2 sky beasts
  8 ogres
  6 big kobolds (D:2)
  A crocodile (D:5)
  Blork the orc (D:3)
  10 bullfrogs
  A harpy zombie (D:7)
  Dowan (D:3)
  12 harpy skeletons (D:7)
  3 centaurs (D:5)
  5 meliai zombies (D:7)
  A howler monkey (D:5)
  11 killer bees (D:5)
  A quasit (D:5)
  2 wights (D:6)
  2 hornet zombies (D:7)
  2 crimson imps
  9 orc priests
  3 hounds (D:5)
  10 jellies
  9 orc wizards
  2 hornet simulacra (D:8)
  8 mummies
  3 iguanas
  2 worker ants
  5 wyvern skeletons
  14 giant cockroaches
  6 bullfrog zombies
  10 bullfrog skeletons
  2 gnolls (Bailey)
  A shadow imp (D:4)
  12 adders
  33 sewer rats
  2 worms (D:2)
  5 cinder newts
  A hound zombie (D:5)
  4 oozes
  A hound skeleton (D:5)
  2 dart slugs (D:1)
  An adder zombie (D:5)
  5 leopard geckos
  45 orcs
  An adder skeleton (D:3)
  4 ball pythons
  A cinder newt skeleton (D:2)
  3 hobgoblins (D:1)
  17 jackals
  47 kobolds
  3 quokkas
  A ball python skeleton (D:2)
  5 bats
  13 goblins
  A hobgoblin skeleton (D:2)
  2 kobold skeletons (D:2)
  8 rats
  3 butterflies
  5 withered plants (D:2)
508 creatures vanquished.

Vanquished Creatures (others)
  A jackal (D:7)
  8 slimeheads (D:2)
  99 withered plants (D:2)
108 creatures vanquished.

Grand Total: 616 creatures vanquished

Notes
Turn   | Place    | Note
-------+----------+-------------------------------------------
     0 | D:1      | st0uf the Immature Draconian Demonspawn began the quest for
                  | the Orb.
     0 | D:1      | Reached XP level 1. HP: 16/16 MP: 3/3
    17 | D:1      | Gained mutation: You regenerate a little health from kills.
                  | [demonic ancestry]
    17 | D:1      | Reached XP level 2. HP: 23/23 MP: 4/4
    54 | D:1      | Reached skill level 2 in Unarmed Combat
   114 | D:1      | Gained mutation: You have sharp toenails. [demonic
                  | ancestry]
   114 | D:1      | Reached XP level 3. HP: 28/28 MP: 5/5
   221 | D:1      | Gained mutation: You sometimes gain a little power by
                  | taking damage. [demonic ancestry]
   221 | D:1      | Reached XP level 4. HP: 35/35 MP: 6/6
   669 | D:1      | Reached skill level 3 in Unarmed Combat
   682 | D:1      | Reached XP level 5. HP: 40/40 MP: 7/7
   887 | D:2      | Reached skill level 4 in Unarmed Combat
   887 | D:2      | Reached XP level 6. HP: 41/47 MP: 8/8
   897 | D:2      | Noticed a slime creature
   909 | D:2      | Killed a slime creature
   909 | D:2      | Reached skill level 5 in Unarmed Combat
   909 | D:2      | Your scales start taking on an empereal azure colour.
   909 | D:2      | Reached XP level 7. HP: 52/52 MP: 9/9
   909 | D:2      | Gained mutation: You are partially covered in iridescent
                  | scales. (AC +2) [demonic ancestry]
   909 | D:2      | Gained mutation: Your spectral turquoise scales hold
                  | together your spectral form. [Cyan Draconian growth]
   909 | D:2      | Gained mutation: You are strongly in touch with the powers
                  | of translocation and transmutation. [Cyan Draconian growth]
  1074 | D:2      | Reached skill level 6 in Unarmed Combat
  1389 | D:2      | Gained mutation: You sometimes gain power by taking damage.
                  | [demonic ancestry]
  1389 | D:2      | Reached XP level 8. HP: 61/61 MP: 10/10
  1429 | D:2      | Reached skill level 7 in Unarmed Combat
  1833 | D:3      | Identified the cursed ring "Laopn" {rC+ MR+, (Curse:
                  | Fragile)}
  1833 | D:3      | Noticed Blork the orc
  1839 | D:3      | Killed Blork the orc
  1893 | D:3      | Reached skill level 8 in Unarmed Combat
  2127 | D:3      | Noticed Dowan
  2130 | D:3      | Noticed Duvessa
  2164 | D:3      | Killed Duvessa
  2169 | D:3      | Killed Dowan
  2583 | D:3      | Identified a scroll of acquirement
  2583 | D:3      | Found a glowing golden altar of the Shining One.
  2583 | D:3      | Found a sparkling altar of Nemelex Xobeh.
  2583 | D:3      | Found a hazy altar of Hepliaklqana.
  2583 | D:3      | Found a shimmering altar of Xom.
  2606 | D:3      | Found an ornate altar of Bahamut and Tiamat.
  2611 | D:3      | Found a shattered altar of Ashenzari.
  2614 | D:3      | Became a worshipper of Bahamut & Tiamat
  2720 | D:4      | Reached XP level 9. HP: 64/67 MP: 11/11
  2744 | D:4      | Reached skill level 9 in Unarmed Combat
  2834 | D:4      | Found a staircase to the Ecumenical Temple.
  2862 | D:4      | Reached * piety under Bahamut & Tiamat
  2974 | D:4      | Reached ** piety under Bahamut & Tiamat
  2974 | D:4      | Reached skill level 10 in Unarmed Combat
  3038 | D:4      | Found an iron altar of Okawaru.
  3250 | D:5      | Entered Level 5 of the Dungeon
  3295 | D:5      | Reached skill level 11 in Unarmed Combat
  3295 | D:5      | Gained mutation: You are naturally skilled at Maces &
                  | Staves (Aptitude +3). [draconic bloodline]
  3295 | D:5      | Gained mutation: You have razor-sharp toenails. [demonic
                  | ancestry]
  3295 | D:5      | Reached XP level 10. HP: 60/74 MP: 12/12
  3339 | D:5      | Reached *** piety under Bahamut & Tiamat
  3339 | D:5      | Noticed a two-headed ogre
  3343 | D:5      | Killed a two-headed ogre
  3521 | D:5      | Noticed a centaur warrior
  3531 | D:5      | Killed a centaur warrior
  3531 | D:5      | Reached skill level 5 in Dodging
  3531 | D:5      | Reached skill level 12 in Unarmed Combat
  3537 | D:5      | Noticed a two-headed ogre
  3554 | D:5      | Reached **** piety under Bahamut & Tiamat
  3571 | D:5      | Killed a two-headed ogre
  3580 | D:5      | Gained mutation: You regenerate health from kills. [demonic
                  | ancestry]
  3580 | D:5      | Reached XP level 11. HP: 42/81 MP: 13/13
  3585 | D:5      | Noticed a two-headed ogre
  3591 | D:5      | Killed a two-headed ogre
  3591 | D:5      | Reached skill level 13 in Unarmed Combat
  3773 | D:5      | Found a radiant altar of Vehumet.
  3808 | D:5      | Reached ***** piety under Bahamut & Tiamat
  3821 | D:5      | Found a staircase to the Lair.
  3828 | D:5      | Noticed Erica
  3835 | D:5      | Killed Erica
  4127 | D:6      | Noticed a four-headed hydra
  4134 | D:6      | Killed a four-headed hydra
  4379 | D:6      | Noticed Nessos
  4394 | D:6      | Noticed Grum
  4403 | D:6      | Reached skill level 5 in Invocations
  4407 | D:6      | Killed Grum
  4452 | D:6      | Killed Nessos
  4452 | D:6      | Reached skill level 14 in Unarmed Combat
  4495 | D:6      | Noticed a two-headed ogre
  4505 | D:6      | Killed a two-headed ogre
  4595 | D:6      | Gained mutation: You are naturally skilled at Dodging
                  | (Aptitude +3). [draconic bloodline]
  4595 | D:6      | Reached XP level 12. HP: 89/89 MP: 17/17
  4611 | D:6      | Found a staircase to the Orcish Mines.
  4866 | D:6      | Noticed EtherCrawl's ghost (journeyman TrMo)
  4869 | D:6      | Found a runed translucent door.
  5183 | D:7      | Found a flagged portal.
  5190 | Bailey   | Entered a bailey
  5195 | Bailey   | Noticed an orc warlord
  5196 | Bailey   | Identified the +2 pair of boots "Daweur" {rF+ Str-5 Slay+4}
  5246 | Bailey   | Found a runed translucent gate.
  5248 | Bailey   | Found a runed translucent gate.
  5250 | Bailey   | Found a runed translucent gate.
  5276 | Bailey   | Reached ****** piety under Bahamut & Tiamat
  5278 | Bailey   | Found the +2 pair of boots of the Assassin {Detection Stab+
                  | Stlth++}
  5283 | Bailey   | Killed an orc warlord
  5304 | Bailey   | Gained mutation: Your large and strong wings let you fly
                  | indefinitely. [potion of mutation]
  5555 | D:7      | Reached skill level 15 in Unarmed Combat
  5609 | D:7      | Gained mutation: Your insubstantial form boosts your
                  | evasion and grants immunity to sticky flames, nets and
                  | constriction. [draconic bloodline]
  5609 | D:7      | Reached XP level 12. HP: 89/89 MP: 18/18
  5612 | D:7      | Received a gift from Bahamut & Tiamat
  5617 | D:7      | Learned a level 2 spell: Blink
  5625 | D:7      | Learned a level 7 spell: Dragon Form
  5679 | D:7      | Reached skill level 1 in Translocations
  5679 | D:7      | Reached skill level 1 in Transmutations
  6260 | D:7      | Gained mutation: You are robust. (+10% HP) [demonic
                  | ancestry]
  6260 | D:7      | Gained mutation: You are strongly in touch with the powers
                  | of translocation and transmutation. [Turquoise Draconian
                  | growth]
  6260 | D:7      | Reached XP level 13. HP: 52/105 MP: 20/20
  6510 | D:7      | Found a gate to the Vaults.
  6516 | D:7      | Reached skill level 10 in Invocations
  6791 | D:8      | Entered Level 8 of the Dungeon
  6873 | D:8      | Found a staircase to the Depths.
  6873 | D:8      | Noticed a fire giant
  7107 | D:8      | Identified the cursed ring "Daufu" {rPois Slay+3, (Curse:
                  | Fragile rF-)}
  7200 | D:8      | Noticed a fire dragon
  7213 | D:8      | Killed a fire dragon
  7220 | D:8      | Reached skill level 5 in Fighting
  7220 | D:8      | Reached skill level 5 in Spellcasting
  7302 | D:8      | Slain by a fire giant

Levels and vault maps discovered:
D:1:      co_arrival_random_square_maze, layout_loops_cross,
          minmay_pentomino_q2, portal_sewer_entry_e
D:2:      layout_sewer, elyvilon_niche, first_ration, serial_column_ruins,
          column_ruins_corridor_straight, column_ruins_grid_3,
          column_ruins_grid_3, column_ruins_corridor_straight,
          column_ruins_corridor_corner, solitary_fountain, tgw_kikubaaqudgha
D:3:      layout_basic, minmay_overflow_temple_hex, uniq_blork_the_orc,
          uniq_duvessa
D:4:      layout_rooms, lemuel_crystal_altar, temple_green, the_bakery
D:5:      layout_loops_ring, vehumet_statue, lair_entry_dummy, uniq_erica
D:6:      layout_basic, orc_0_dummy, gammafunk_ghost_grave,
          lightli_ossuary_entry_decrepit_ruins, uniq_grum, uniq_nessos
D:7:      layout_irregular_city, david_vaults_5, infiniplex_staircase_squiggle,
          enter_bailey_1, ossuary_minmay_tomb_2a
D:8:      grunt_enter_depths_giant_problem, layout_small_grid,
          minmay_misc_feat_pillars, ebering_ghost_inner_flame, uniq_jorgrun

Skill      XL: |  1  2  3  4  5  6  7  8  9 10 11 12 13 |
---------------+----------------------------------------+-----
Unarmed Combat | 2 3 4 5 6 8 11 12 14 15 | 15.1
Dodging        | 3 4 5 7 8 9 |  9.8
Stealth        | 2 |  2.0
Fighting       | 2 3 5 |  5.0
Invocations    | 6 9 10 | 10.8
Spellcasting   | 3 5 |  5.1
Translocations | 3 4 |  4.8
Transmutations | 3 4 |  4.8
Fire Magic     | |  1.5

Action                   |  1- 3 |  4- 6 |  7- 9 | 10-12 | 13-15 || total
-------------------------+-------+-------+-------+-------+-------++-------
Melee: Unarmed           |    90 |   160 |   502 |   703 |   160 ||  1615
       Tailslap          |     4 |     5 |    25 |    54 |    17 ||   105
       Kick              |     2 |    17 |    63 |   135 |    32 ||   249
Invok: Choose Bahamut's  |       |       |     1 |       |       ||     1
       Choose Bahamut's  |       |       |       |     1 |       ||     1
       Choose Tiamat's S |       |       |       |     1 |       ||     1
       Choose Bahamut's  |       |       |       |     1 |       ||     1
       Receive Book of t |       |       |       |     1 |       ||     1
 Abil: Fly               |       |       |       |     2 |     2 ||     4
       Stop Flying       |       |       |       |     2 |     1 ||     3
       Breathe Spectral  |       |       |       |       |     4 ||     4
  Use: Potion            |       |       |       |     2 |       ||     2
 Stab: Sleeping          |       |     3 |     6 |     5 |     1 ||    15
       Distracted        |       |       |       |     1 |       ||     1
  Eat: Chunk             |       |       |     9 |     9 |       ||    18
Armor: Skin              |     7 |    14 |    62 |   125 |    43 ||   251
Dodge: Dodged            |    20 |    44 |   114 |   294 |    49 ||   521
